Little Stars vs Thunder
(R1)
Created - December 2, 2018 at 19:09
Goals
|
| Little Stars |
1 |
1 |
1 |
3 |
| Thunder |
0 |
1 |
0 |
1 |
|
Shots
|
| Little Stars |
14 |
13 |
5 |
32 |
| Thunder |
8 |
15 |
10 |
33 |
|
1st period
1. Little Stars , Alexander Vasyunov 3 (Bo Horvat 10) at 12:52
Penalties :
Joey Ryan (TRO) for Slashing (Minor) at 6:00, Zach Redmond (TRO) for Hooking (Minor) at 10:39, Joey Ryan (TRO) for Hooking (Minor) at 16:37
2nd period
2. Thunder , Jamie McGinn 4 (Scott Parse 26, Austin Wuthrich 1) at 0:45
3. Little Stars , Jordie Benn 4 (Cam Atkinson 12, Matt Murray) at 17:32
Penalties :
Austin Wuthrich (TRO) for Holding (Minor) at 1:49, Zach Budish (Tex) for Charging (Minor) at 4:43, Dany Roussin (TRO) for Interference (Minor) at 15:26
3rd period
4. Little Stars , Mathieu Perreault 5 (Jordie Benn 10) at 2:33
Penalties :
Zach Budish (Tex) for High sticking (Minor) at 7:32
Goalie Stats
Matt Murray (Tex), 32 saves from 33 shots - (0.970), W, 4-5-2, 60:00 minutes
Devan Dubnyk (TRO), 29 saves from 32 shots - (0.906), L, 8-8-0, 60:00 minutes
Players Stats for Little Stars
Player Name G A P +/- PIM S H SB GA TA FO MP PP MP PK MP
------------------------------------------------------------------------------------
Alexander Vasyunov 1 0 1 2 0 3 2 0 0 0 0/2 12:14 0:00 0:42
Anton Cederholm 0 0 0 1 0 2 2 3 0 1 0/0 21:02 4:04 2:16
Bo Horvat 0 1 1 2 0 2 3 0 1 1 2/3 11:48 0:12 0:00
Brian Flynn 0 0 0 0 0 2 1 0 0 0 16/35 21:19 5:17 1:02
Cam Atkinson 0 1 1 0 0 4 6 0 0 1 0/0 22:16 5:21 2:02
Dana Tyrell 0 0 0 -1 0 4 2 1 0 1 4/10 19:27 4:26 1:14
Jesse Joensuu 0 0 0 -1 0 1 3 2 0 0 0/1 17:57 4:26 0:00
Jordie Benn 1 1 2 0 0 3 1 4 0 4 0/0 26:48 5:51 1:42
Justin Auger 0 0 0 1 0 0 0 0 0 0 0/0 6:12 0:05 0:00
Mathieu Perreault 1 0 1 1 0 2 0 1 0 0 2/2 7:17 0:15 0:00
Michael Mersch 0 0 0 1 0 0 0 0 0 0 0/0 7:32 0:00 0:54
Reece Willcox 0 0 0 1 0 0 0 1 0 1 0/0 11:29 0:00 0:00
Scott Kosmachuck 0 0 0 2 0 1 2 1 0 0 0/0 10:43 0:00 0:00
Shawn Matthias 0 0 0 0 0 6 1 0 0 0 1/3 22:08 5:17 2:02
Tucker Poolman 0 0 0 1 0 0 2 0 0 0 0/0 21:00 4:04 2:16
Tyler Wotherspoon 0 0 0 0 0 0 1 2 0 0 0/0 26:48 5:51 1:42
Ville Pokka 0 0 0 1 0 0 0 1 0 0 0/0 11:31 0:00 0:00
Zach Budish 0 0 0 -1 4 2 2 0 0 0 0/1 18:29 4:26 0:00
Players Stats for Thunder
Player Name G A P +/- PIM S H SB GA TA FO MP PP MP PK MP
------------------------------------------------------------------------------------
Adam Clendening 0 0 0 1 0 1 2 2 0 0 0/0 20:26 2:05 3:31
Austin Wuthrich 0 1 1 -2 2 0 0 1 0 0 0/0 12:00 0:00 0:00
Dany Roussin 0 0 0 0 2 0 1 0 2 0 1/1 19:39 1:57 3:18
Daultan Leveillé 0 0 0 0 0 2 3 1 0 0 16/24 22:03 1:48 5:32
David Wolf 0 0 0 -2 0 5 1 0 2 0 0/0 13:48 0:00 1:36
Duncan Siemens 0 0 0 -1 0 2 2 0 0 0 0/0 11:48 0:00 0:00
Eric Karlsson 0 0 0 0 0 0 0 0 0 0 0/0 4:06 0:13 0:12
Gianluca Curcuruto 0 0 0 -1 0 0 0 0 0 0 0/0 4:32 0:00 0:56
Jamie McGinn 1 0 1 0 0 2 0 0 0 0 0/0 4:34 0:00 0:00
Jared Staal 0 0 0 0 0 4 1 0 0 0 0/0 15:47 1:57 0:00
Joe Labate 0 0 0 -2 0 1 1 0 1 0 5/7 11:08 0:00 0:00
Joey Ryan 0 0 0 -2 4 2 1 1 0 0 0/0 25:23 1:53 3:40
Mikko Vainonen 0 0 0 -1 0 2 0 0 0 0 0/0 14:11 0:00 3:04
Nikolay Prokhorkin 0 0 0 0 0 0 0 0 0 0 0/0 1:04 0:00 0:00
Peter Andersson 0 0 0 1 0 4 1 3 0 0 0/0 20:49 2:05 3:53
Scott Parse 0 1 1 0 0 2 1 1 3 0 2/8 23:57 2:01 5:20
Thomas Spelling 0 0 0 0 0 2 1 0 0 0 0/0 16:06 2:01 0:00
Trevor Lewis 0 0 0 0 0 0 1 1 1 0 7/14 19:26 1:57 3:13
Zach Redmond 0 0 0 -1 2 4 2 4 0 1 0/0 23:22 1:53 4:46
Zach Stepan 0 0 0 0 0 0 0 0 0 0 1/3 5:51 0:00 0:39
3 Stars
1 - Matt Murray (Tex)
2 - Jordie Benn (Tex)
3 - Alexander Vasyunov (Tex)
Power Play
Little Stars - 0 on 5 Attempt(s) - 0.00%
Thunder - 0 on 2 Attempt(s) - 0.00%
Penalty Kill
Little Stars - 2 on 2 Attempt(s) - 100.00%
- Score 0 goal in Penalty Kill
Thunder - 5 on 5 Attempt(s) - 100.00%
- Score 0 goal in Penalty Kill
Team Stat
Little Stars - Hits : 28 - Faceoff Wins : 25 - Blocked Shots : 16 - Penalty Minutes : 4
Thunder - Hits : 18 - Faceoff Wins : 32 - Blocked Shots : 14 - Penalty Minutes : 10
Official
Referees : Unknown
Linesman : Unknown
Game Notes
No Game Note
Finance
Level 1 -- Attendance: 1386 (69.30%) -- Ticket Income $55,440
Level 2 -- Attendance: 787 (78.70%) -- Ticket Income $15,740
Total Attendance: 2173 (72.43%)
Total Ticket Income: $71,180
Other Income: $3,559
Total Income: $74,739
Little Stars
5 vs 5 Forward
Center Left Wing Right Wing Time % Phy DF OF
1 Brian Flynn Shawn Matthias Cam Atkinson 40 1 2 2
2 Dana Tyrell Jesse Joensuu Zach Budish 30 1 2 2
3 Bo Horvat Alexander Vasyunov Scott Kosmachuck 20 1 2 2
4 Mathieu Perreault Michael Mersch Justin Auger 10 1 2 2
5 vs 5 Defense
Defense Defense Time % Phy DF OF
1 Jordie Benn Tyler Wotherspoon 40 1 2 2
2 Anton Cederholm Tucker Poolman 30 1 2 2
3 Reece Willcox Ville Pokka 20 1 2 2
4 Jordie Benn Tyler Wotherspoon 10 1 2 2
PowerPlay Forward
Center Left Wing Right Wing Time % Phy DF OF
1 Brian Flynn Shawn Matthias Cam Atkinson 60 0 2 3
2 Dana Tyrell Jesse Joensuu Zach Budish 40 0 2 3
PowerPlay Defense
Defense Defense Time % Phy DF OF
1 Jordie Benn Tyler Wotherspoon 60 0 2 3
2 Anton Cederholm Tucker Poolman 40 0 2 3
Penalty Kill 4 Players Forward
Center Wing Time % Phy DF OF
1 Shawn Matthias Cam Atkinson 60 0 3 2
2 Brian Flynn Dana Tyrell 40 0 3 2
Penalty Kill 4 Players Defense
Defense Defense Time % Phy DF OF
1 Jordie Benn Tyler Wotherspoon 60 0 3 2
2 Anton Cederholm Tucker Poolman 40 0 3 2
Penalty Kill - 3 Players Forward
Forward Time % Phy DF OF
1 Shawn Matthias 60 0 3 2
2 Cam Atkinson 40 0 3 2
Penalty Kill - 3 Players Defense
Defense Defense Time % Phy DF OF
1 Jordie Benn Tyler Wotherspoon 60 0 3 2
2 Anton Cederholm Tucker Poolman 40 0 3 2
4 vs 4 Forward
Center Wing Time % Phy DF OF
1 Shawn Matthias Cam Atkinson 60 1 2 2
2 Brian Flynn Dana Tyrell 40 1 2 2
4 vs 4 Defense
Defense Defense Time % Phy DF OF
1 Jordie Benn Tyler Wotherspoon 60 1 2 2
2 Anton Cederholm Tucker Poolman 40 1 2 2
Last Minutes Offensive
Center Left Wing Right Wing Defense Defense
Brian Flynn Shawn Matthias Cam Atkinson Jordie Benn Tyler Wotherspoon
Last Minutes Defensive
Center Left Wing Right Wing Defense Defense
Brian Flynn Shawn Matthias Cam Atkinson Jordie Benn Tyler Wotherspoon
Goaltenders
Starting : Matt Murray
Backup : Peter Delmas
Extra Forwards
Normal : Mathieu Perreault, Bo Horvat, Alexander Vasyunov - PP : Mathieu Perreault, Bo Horvat - PK : Alexander Vasyunov
Extra Defensemen
Normal : Reece Willcox, Ville Pokka, Anton Cederholm - PP : Reece Willcox - PK : Ville Pokka, Anton Cederholm
Penalty Shots
Shawn Matthias, Cam Atkinson, Brian Flynn, Dana Tyrell, Jesse Joensuu
Scratches
Daniel O'regan (Healthy), Jason Dickinson (Healthy), Emile Poirier (Healthy), Phil Oreskovic (Strained Left Elbow Injury), Andrej Sustr (Fractured Bone in Left Hand Injury)
Spencer Martin (Healthy)
Thunder
5 vs 5 Forward
Center Left Wing Right Wing Time % Phy DF OF
1 Daultan Leveillé Scott Parse Thomas Spelling 40 1 2 2
2 Trevor Lewis Dany Roussin Jared Staal 30 1 2 2
3 Joe Labate David Wolf Austin Wuthrich 20 1 2 2
4 Zach Stepan Jamie McGinn Scott Parse 10 1 2 2
5 vs 5 Defense
Defense Defense Time % Phy DF OF
1 Joey Ryan Zach Redmond 40 1 2 2
2 Peter Andersson Adam Clendening 30 1 2 2
3 Duncan Siemens Mikko Vainonen 20 1 2 2
4 Gianluca Curcuruto Joey Ryan 10 1 2 2
PowerPlay Forward
Center Left Wing Right Wing Time % Phy DF OF
1 Daultan Leveillé Scott Parse Thomas Spelling 60 1 2 2
2 Trevor Lewis Dany Roussin Jared Staal 40 1 2 2
PowerPlay Defense
Defense Defense Time % Phy DF OF
1 Joey Ryan Zach Redmond 60 1 2 2
2 Peter Andersson Adam Clendening 40 1 2 2
Penalty Kill 4 Players Forward
Center Wing Time % Phy DF OF
1 Scott Parse Daultan Leveillé 60 1 2 2
2 Dany Roussin Trevor Lewis 40 1 2 2
Penalty Kill 4 Players Defense
Defense Defense Time % Phy DF OF
1 Joey Ryan Zach Redmond 60 1 2 2
2 Peter Andersson Adam Clendening 40 1 2 2
Penalty Kill - 3 Players Forward
Forward Time % Phy DF OF
1 Scott Parse 60 1 2 2
2 Daultan Leveillé 40 1 2 2
Penalty Kill - 3 Players Defense
Defense Defense Time % Phy DF OF
1 Joey Ryan Zach Redmond 60 1 2 2
2 Peter Andersson Adam Clendening 40 1 2 2
4 vs 4 Forward
Center Wing Time % Phy DF OF
1 Scott Parse Daultan Leveillé 60 1 2 2
2 Dany Roussin Trevor Lewis 40 1 2 2
4 vs 4 Defense
Defense Defense Time % Phy DF OF
1 Joey Ryan Zach Redmond 60 1 2 2
2 Peter Andersson Adam Clendening 40 1 2 2
Last Minutes Offensive
Center Left Wing Right Wing Defense Defense
Daultan Leveillé Scott Parse Thomas Spelling Joey Ryan Zach Redmond
Last Minutes Defensive
Center Left Wing Right Wing Defense Defense
Daultan Leveillé Scott Parse Thomas Spelling Joey Ryan Zach Redmond
Goaltenders
Starting : Devan Dubnyk
Backup : Niklas Treutle
Extra Forwards
Normal : Eric Karlsson, Nikolay Prokhorkin, David Wolf - PP : Eric Karlsson, Nikolay Prokhorkin - PK : David Wolf
Extra Defensemen
Normal : Duncan Siemens, Mikko Vainonen, Gianluca Curcuruto - PP : Duncan Siemens - PK : Mikko Vainonen, Gianluca Curcuruto
Penalty Shots
Scott Parse, Daultan Leveillé, Dany Roussin, Trevor Lewis, David Wolf
Scratches
Ryan Nugent-Hopkins (Healthy)
% Time on Ice - Little Stars
Lines # - Real PCT - Wanted PCT - Time Play
Normal Forward
1 - 34% - 40% - 15:29
2 - 31% - 30% - 14:13
3 - 23% - 20% - 10:43
4 - 12% - 10% - 5:42
Normal Defense
1 - 41% - 40% - 18:45
2 - 32% - 30% - 14:40
3 - 25% - 20% - 11:29
4 - 3% - 10% - 1:13
PP Forward
1 - 55% - 60% - 5:29
2 - 45% - 40% - 4:26
PP Defense
1 - 59% - 60% - 5:51
2 - 41% - 40% - 4:04
PK Forward
1 - 74% - 60% - 2:56
2 - 26% - 40% - 1:02
PK Defense
1 - 43% - 60% - 1:42
2 - 57% - 40% - 2:16
PK3 Forward
1 - 0% - 60%
2 - 0% - 40%
PK3 Defense
1 - 0% - 60%
2 - 0% - 40%
44 Forward
1 - 0% - 60%
2 - 0% - 40%
44 Defense
1 - 0% - 60%
2 - 0% - 40%
Last Minute Offensive - 0:00
Last Minute Defensive - 0:00
Total
Forward - 60:00
Defense - 60:00
|
% Time on Ice - Thunder
Lines # - Real PCT - Wanted PCT - Time Play
Normal Forward
1 - 33% - 40% - 15:04
2 - 33% - 30% - 15:21
3 - 24% - 20% - 11:08
4 - 10% - 10% - 4:34
Normal Defense
1 - 36% - 40% - 16:35
2 - 32% - 30% - 14:50
3 - 24% - 20% - 11:07
4 - 8% - 10% - 3:35
PP Forward
1 - 51% - 60% - 2:01
2 - 49% - 40% - 1:57
PP Defense
1 - 47% - 60% - 1:53
2 - 53% - 40% - 2:05
PK Forward
1 - 68% - 60% - 6:42
2 - 32% - 40% - 3:13
PK Defense
1 - 65% - 60% - 6:24
2 - 35% - 40% - 3:31
PK3 Forward
1 - 0% - 60%
2 - 0% - 40%
PK3 Defense
1 - 0% - 60%
2 - 0% - 40%
44 Forward
1 - 0% - 60%
2 - 0% - 40%
44 Defense
1 - 0% - 60%
2 - 0% - 40%
Last Minute Offensive - 0:00
Last Minute Defensive - 0:00
Total
Forward - 60:00
Defense - 60:00
|
Play by Play
1st period
0:01 of 1st period - Brian Flynn wins face-off versus Daultan Leveillé in neutral zone.
0:51 of 1st period - Snap shot by Cam Atkinson.
0:51 of 1st period - Stopped by Devan Dubnyk with a rebound.
1:21 of 1st period - Wrist shot by Brian Flynn.
1:21 of 1st period - Shot Misses the Net.
1:23 of 1st period - Slapshot by Jordie Benn.
1:23 of 1st period - Shot Misses the Net.
1:25 of 1st period - Wrist shot by Shawn Matthias.
1:25 of 1st period - Stopped by Devan Dubnyk without a rebound.
1:26 of 1st period - Trevor Lewis wins face-off versus Dana Tyrell in Thunder zone.
1:31 of 1st period - Snap shot by Jesse Joensuu.
1:31 of 1st period - Shot Misses the Net.
1:51 of 1st period - Scott Parse is hit by Tucker Poolman and loses puck.
2:10 of 1st period - Slapshot by Scott Parse.
2:10 of 1st period - Shot Misses the Net.
2:12 of 1st period - Slapshot by Jamie McGinn.
2:12 of 1st period - Stopped by Matt Murray with a rebound.
2:24 of 1st period - Slapshot by Dana Tyrell.
2:24 of 1st period - Stopped by Devan Dubnyk without a rebound.
2:25 of 1st period - Trevor Lewis wins face-off versus Zach Budish in Thunder zone.
2:25 of 1st period - Trevor Lewis is hit by Dana Tyrell.
4:00 of 1st period - Snap shot by David Wolf.
4:00 of 1st period - Shot Misses the Net.
4:02 of 1st period - Slapshot by Mikko Vainonen.
4:02 of 1st period - Shot Misses the Net.
4:26 of 1st period - Slapshot by Scott Parse.
4:26 of 1st period - Shot Blocked by Anton Cederholm.
4:44 of 1st period - Wrist shot by Dana Tyrell.
4:44 of 1st period - Shot Blocked by Peter Andersson.
4:46 of 1st period - Slapshot by Anton Cederholm.
4:46 of 1st period - Shot Misses the Net.
4:48 of 1st period - Wrist shot by Dana Tyrell.
4:48 of 1st period - Shot Blocked by Scott Parse.
5:00 of 1st period - Adam Clendening is hit by Alexander Vasyunov and loses puck.
5:23 of 1st period - Snap shot by Peter Andersson.
5:23 of 1st period - Stopped by Matt Murray without a rebound.
5:24 of 1st period - Zach Stepan wins face-off versus Dana Tyrell in Little Stars zone.
5:37 of 1st period - Snap shot by Dana Tyrell.
5:37 of 1st period - Stopped by Devan Dubnyk without a rebound.
5:38 of 1st period - Brian Flynn wins face-off versus Daultan Leveillé in Thunder zone.
5:47 of 1st period - Slapshot by Cam Atkinson.
5:47 of 1st period - Stopped by Devan Dubnyk without a rebound.
5:48 of 1st period - Brian Flynn wins face-off versus Daultan Leveillé in Thunder zone.
5:53 of 1st period - Snap shot by Shawn Matthias.
5:53 of 1st period - Shot Blocked by Joey Ryan.
5:57 of 1st period - Slapshot by Cam Atkinson.
5:57 of 1st period - Stopped by Devan Dubnyk without a rebound.
5:58 of 1st period - Daultan Leveillé wins face-off versus Dana Tyrell in Thunder zone.
6:00 of 1st period - Minor Penalty to Joey Ryan for Slashing.
6:01 of 1st period - Scott Parse wins face-off versus Brian Flynn in Thunder zone.
6:15 of 1st period - Snap shot by Cam Atkinson.
6:15 of 1st period - Shot Misses the Net.
6:55 of 1st period - Wrist shot by Trevor Lewis.
6:55 of 1st period - Shot Misses the Net.
8:00 of 1st period - Penalty to Joey Ryan is over, Joey Ryan is back on ice.
8:09 of 1st period - Snap shot by Bo Horvat.
8:09 of 1st period - Shot Hit the Post.
8:23 of 1st period - Snap shot by Michael Mersch.
8:23 of 1st period - Shot Misses the Net.
8:29 of 1st period - Snap shot by Trevor Lewis.
8:29 of 1st period - Shot Blocked by Mathieu Perreault.
8:31 of 1st period - Snap shot by Jared Staal.
8:31 of 1st period - Stopped by Matt Murray without a rebound.
8:32 of 1st period - Bo Horvat wins face-off versus Scott Parse in Little Stars zone.
8:43 of 1st period - Slapshot by Alexander Vasyunov.
8:43 of 1st period - Shot Misses the Net.
8:51 of 1st period - Bo Horvat is hit by Daultan Leveillé and loses puck.
9:11 of 1st period - Jesse Joensuu is hit by Peter Andersson and loses puck.
9:32 of 1st period - Snap shot by Brian Flynn.
9:32 of 1st period - Shot Blocked by Adam Clendening.
9:34 of 1st period - Wrist shot by Reece Willcox.
9:34 of 1st period - Shot Blocked by Peter Andersson.
9:54 of 1st period - Snap shot by Mathieu Perreault.
9:54 of 1st period - Stopped by Devan Dubnyk with a rebound.
10:10 of 1st period - Snap shot by Zach Budish.
10:10 of 1st period - Stopped by Devan Dubnyk without a rebound.
10:11 of 1st period - Dana Tyrell wins face-off versus Trevor Lewis in Thunder zone.
10:14 of 1st period - Wrist shot by Dana Tyrell.
10:14 of 1st period - Shot Blocked by Trevor Lewis.
10:26 of 1st period - Snap shot by Trevor Lewis.
10:26 of 1st period - Shot Misses the Net.
10:39 of 1st period - Minor Penalty to Zach Redmond for Hooking.
10:40 of 1st period - Brian Flynn wins face-off versus Scott Parse in Thunder zone.
11:10 of 1st period - Snap shot by Dana Tyrell.
11:10 of 1st period - Shot Misses the Net.
11:14 of 1st period - Wrist shot by Dana Tyrell.
11:14 of 1st period - Stopped by Devan Dubnyk with a rebound.
12:39 of 1st period - Penalty to Zach Redmond is over, Zach Redmond is back on ice.
12:48 of 1st period - Snap shot by Scott Kosmachuck.
12:48 of 1st period - Stopped by Devan Dubnyk without a rebound.
12:49 of 1st period - Bo Horvat wins face-off versus Joe Labate in Thunder zone.
12:52 of 1st period - Slapshot by Bo Horvat.
12:52 of 1st period - Deflect By Alexander Vasyunov.
12:52 of 1st period - Goal by Alexander Vasyunov - Little Stars : 1 - Thunder : 0.
12:53 of 1st period - Daultan Leveillé wins face-off versus Brian Flynn in neutral zone.
12:56 of 1st period - Slapshot by Scott Parse.
12:56 of 1st period - Shot Misses the Net.
12:58 of 1st period - Snap shot by Daultan Leveillé.
12:58 of 1st period - Deflect By Scott Parse.
12:58 of 1st period - Shot Misses the Net.
12:58 of 1st period - Puck is out of play.
12:59 of 1st period - Daultan Leveillé wins face-off versus Brian Flynn in Little Stars zone.
13:04 of 1st period - Wrist shot by Daultan Leveillé.
13:04 of 1st period - Stopped by Matt Murray with a rebound.
13:06 of 1st period - Wrist shot by Joey Ryan.
13:06 of 1st period - Shot Misses the Net.
13:24 of 1st period - Brian Flynn is hit by Joe Labate.
13:28 of 1st period - Snap shot by David Wolf.
13:28 of 1st period - Shot Misses the Net.
13:30 of 1st period - Slapshot by Zach Redmond.
13:30 of 1st period - Stopped by Matt Murray with a rebound.
13:32 of 1st period - Snap shot by David Wolf.
13:32 of 1st period - Shot Misses the Net.
13:34 of 1st period - Slapshot by Zach Redmond.
13:34 of 1st period - Stopped by Matt Murray with a rebound.
13:36 of 1st period - Backhand shot by Zach Redmond.
13:36 of 1st period - Deflect By David Wolf.
13:36 of 1st period - Stopped by Matt Murray without a rebound.
13:37 of 1st period - Daultan Leveillé wins face-off versus Dana Tyrell in Little Stars zone.
13:38 of 1st period - Snap shot by Scott Parse.
13:38 of 1st period - Shot Blocked by Jesse Joensuu.
13:40 of 1st period - Wrist shot by Daultan Leveillé.
13:40 of 1st period - Shot Blocked by Tyler Wotherspoon.
13:50 of 1st period - Snap shot by Scott Parse.
13:50 of 1st period - Shot Blocked by Tyler Wotherspoon.
13:52 of 1st period - Slapshot by Daultan Leveillé.
13:52 of 1st period - Shot Blocked by Jordie Benn.
14:11 of 1st period - Snap shot by Bo Horvat.
14:11 of 1st period - Stopped by Devan Dubnyk without a rebound.
14:12 of 1st period - Daultan Leveillé wins face-off versus Brian Flynn in Thunder zone.
14:44 of 1st period - Icing by Zach Budish.
14:45 of 1st period - Dana Tyrell wins face-off versus Trevor Lewis in Little Stars zone.
14:50 of 1st period - Slapshot by Zach Budish.
14:50 of 1st period - Stopped by Devan Dubnyk without a rebound.
14:51 of 1st period - Trevor Lewis wins face-off versus Shawn Matthias in Thunder zone.
16:01 of 1st period - Wrist shot by Dany Roussin.
16:01 of 1st period - Deflect By Trevor Lewis.
16:01 of 1st period - Shot Misses the Net.
16:01 of 1st period - Puck is out of play.
16:02 of 1st period - Brian Flynn wins face-off versus Trevor Lewis in Little Stars zone.
16:27 of 1st period - Dany Roussin is hit by Jesse Joensuu and loses puck.
16:32 of 1st period - Slapshot by Dana Tyrell.
16:32 of 1st period - Shot Hit the Post.
16:34 of 1st period - Snap shot by Jordie Benn.
16:34 of 1st period - Stopped by Devan Dubnyk without a rebound.
16:35 of 1st period - Daultan Leveillé wins face-off versus Brian Flynn in Thunder zone.
16:37 of 1st period - Minor Penalty to Joey Ryan for Hooking.
16:38 of 1st period - Brian Flynn wins face-off versus Scott Parse in Thunder zone.
16:54 of 1st period - Wrist shot by Daultan Leveillé.
16:54 of 1st period - Shot Blocked by Jordie Benn.
17:15 of 1st period - Snap shot by Dana Tyrell.
17:15 of 1st period - Shot Misses the Net.
17:42 of 1st period - Icing by Cam Atkinson.
17:43 of 1st period - Dany Roussin wins face-off versus Brian Flynn in Little Stars zone.
18:37 of 1st period - Penalty to Joey Ryan is over, Joey Ryan is back on ice.
19:07 of 1st period - Slapshot by David Wolf.
19:07 of 1st period - Shot Misses the Net.
19:09 of 1st period - Snap shot by Austin Wuthrich.
19:09 of 1st period - Shot Blocked by Jordie Benn.
19:11 of 1st period - Wrist shot by Adam Clendening.
19:11 of 1st period - Stopped by Matt Murray without a rebound.
19:12 of 1st period - Joe Labate wins face-off versus Brian Flynn in Little Stars zone.
19:39 of 1st period - Scott Parse is hit by Scott Kosmachuck and loses puck.
19:56 of 1st period - Zach Budish is hit by Duncan Siemens.
19:57 of 1st period - Icing by Zach Budish.
19:58 of 1st period - Dana Tyrell wins face-off versus Trevor Lewis in Little Stars zone.
Goals for this period are 1 for Little Stars vs 0 for Thunder.
Shots for this period are 14 for Little Stars vs 8 for Thunder.
2nd period
0:01 of 2nd period - Daultan Leveillé wins face-off versus Brian Flynn in neutral zone.
0:06 of 2nd period - Snap shot by Thomas Spelling.
0:06 of 2nd period - Stopped by Matt Murray with a rebound.
0:25 of 2nd period - Dany Roussin is hit by Dana Tyrell and loses puck.
0:45 of 2nd period - Snap shot by Scott Parse.
0:45 of 2nd period - Deflect By Jamie McGinn.
0:45 of 2nd period - Goal by Jamie McGinn - Little Stars : 1 - Thunder : 1.
0:46 of 2nd period - Daultan Leveillé wins face-off versus Brian Flynn in neutral zone.
0:48 of 2nd period - Joey Ryan is hit by Shawn Matthias and loses puck.
1:33 of 2nd period - Adam Clendening is hit by Tucker Poolman and loses puck.
1:49 of 2nd period - Minor Penalty to Austin Wuthrich for Holding.
1:50 of 2nd period - Brian Flynn wins face-off versus Scott Parse in Thunder zone.
1:50 of 2nd period - Slapshot by Shawn Matthias.
1:50 of 2nd period - Stopped by Devan Dubnyk with a rebound.
1:52 of 2nd period - Wrist shot by Brian Flynn.
1:52 of 2nd period - Shot Blocked by Zach Redmond.
1:54 of 2nd period - Slapshot by Tyler Wotherspoon.
1:54 of 2nd period - Shot Misses the Net.
1:56 of 2nd period - Slapshot by Jordie Benn.
1:56 of 2nd period - Shot Misses the Net.
1:58 of 2nd period - Snap shot by Cam Atkinson.
1:58 of 2nd period - Shot Misses the Net.
2:22 of 2nd period - Slapshot by Tyler Wotherspoon.
2:22 of 2nd period - Shot Blocked by Zach Redmond.
2:48 of 2nd period - Anton Cederholm is hit by Adam Clendening and loses puck.
3:49 of 2nd period - Penalty to Austin Wuthrich is over, Austin Wuthrich is back on ice.
4:02 of 2nd period - Mikko Vainonen is hit by Scott Kosmachuck and loses puck.
4:43 of 2nd period - Minor Penalty to Zach Budish for Charging.
4:44 of 2nd period - Trevor Lewis wins face-off versus Shawn Matthias in Little Stars zone.
5:11 of 2nd period - Tyler Wotherspoon is hit by Daultan Leveillé and loses puck.
6:43 of 2nd period - Penalty to Zach Budish is over, Zach Budish is back on ice.
6:49 of 2nd period - Wrist shot by Joe Labate.
6:49 of 2nd period - Shot Misses the Net.
6:51 of 2nd period - Snap shot by Joe Labate.
6:51 of 2nd period - Shot Misses the Net.
6:53 of 2nd period - Snap shot by David Wolf.
6:53 of 2nd period - Stopped by Matt Murray without a rebound.
6:54 of 2nd period - Joe Labate wins face-off versus Bo Horvat in Little Stars zone.
7:05 of 2nd period - Snap shot by David Wolf.
7:05 of 2nd period - Shot Blocked by Scott Kosmachuck.
7:07 of 2nd period - Slapshot by Duncan Siemens.
7:07 of 2nd period - Stopped by Matt Murray with a rebound.
7:09 of 2nd period - Slapshot by Mikko Vainonen.
7:09 of 2nd period - Stopped by Matt Murray without a rebound.
7:10 of 2nd period - Daultan Leveillé wins face-off versus Dana Tyrell in Little Stars zone.
7:23 of 2nd period - Slapshot by Dana Tyrell.
7:23 of 2nd period - Shot Blocked by Zach Redmond.
7:25 of 2nd period - Snap shot by Dana Tyrell.
7:25 of 2nd period - Shot Misses the Net.
7:35 of 2nd period - Joe Labate is hit by Cam Atkinson and loses puck.
7:40 of 2nd period - Wrist shot by Cam Atkinson.
7:40 of 2nd period - Stopped by Devan Dubnyk with a rebound.
7:42 of 2nd period - Slapshot by Shawn Matthias.
7:42 of 2nd period - Shot Misses the Net.
7:44 of 2nd period - Wrist shot by Shawn Matthias.
7:44 of 2nd period - Shot Misses the Net.
8:16 of 2nd period - Snap shot by Zach Redmond.
8:16 of 2nd period - Stopped by Matt Murray with a rebound.
8:18 of 2nd period - Slapshot by Zach Stepan.
8:18 of 2nd period - Shot Misses the Net.
8:20 of 2nd period - Slapshot by Joey Ryan.
8:20 of 2nd period - Stopped by Matt Murray with a rebound.
8:22 of 2nd period - Slapshot by Zach Stepan.
8:22 of 2nd period - Deflect By Scott Parse.
8:22 of 2nd period - Stopped by Matt Murray without a rebound.
8:23 of 2nd period - Brian Flynn wins face-off versus Daultan Leveillé in Little Stars zone.
8:23 of 2nd period - Brian Flynn is hit by Scott Parse.
9:21 of 2nd period - Snap shot by David Wolf.
9:21 of 2nd period - Stopped by Matt Murray with a rebound.
9:57 of 2nd period - Backhand shot by Michael Mersch.
9:57 of 2nd period - Shot Misses the Net.
10:30 of 2nd period - Brian Flynn is hit by Joey Ryan and loses puck.
10:43 of 2nd period - Backhand shot by Alexander Vasyunov.
10:43 of 2nd period - Stopped by Devan Dubnyk with a rebound.
10:45 of 2nd period - Slapshot by Anton Cederholm.
10:45 of 2nd period - Stopped by Devan Dubnyk without a rebound.
10:46 of 2nd period - Joe Labate wins face-off versus Alexander Vasyunov in Thunder zone.
10:46 of 2nd period - Joe Labate is hit by Bo Horvat.
11:14 of 2nd period - Wrist shot by Dany Roussin.
11:14 of 2nd period - Deflect By Jared Staal.
11:14 of 2nd period - Stopped by Matt Murray with a rebound.
11:16 of 2nd period - Snap shot by Jared Staal.
11:16 of 2nd period - Stopped by Matt Murray without a rebound.
11:17 of 2nd period - Daultan Leveillé wins face-off versus Brian Flynn in Little Stars zone.
11:20 of 2nd period - Snap shot by Scott Parse.
11:20 of 2nd period - Stopped by Matt Murray without a rebound.
11:21 of 2nd period - Daultan Leveillé wins face-off versus Brian Flynn in Little Stars zone.
12:06 of 2nd period - Wrist shot by Scott Kosmachuck.
12:06 of 2nd period - Shot Blocked by Austin Wuthrich.
12:14 of 2nd period - Snap shot by Bo Horvat.
12:14 of 2nd period - Stopped by Devan Dubnyk without a rebound.
12:15 of 2nd period - Daultan Leveillé wins face-off versus Brian Flynn in Thunder zone.
12:42 of 2nd period - Dany Roussin is hit by Zach Budish and loses puck.
13:16 of 2nd period - Icing by Jordie Benn.
13:17 of 2nd period - Mathieu Perreault wins face-off versus Daultan Leveillé in Little Stars zone.
13:24 of 2nd period - Michael Mersch is hit by Thomas Spelling and loses puck.
13:43 of 2nd period - Wrist shot by David Wolf.
13:43 of 2nd period - Shot Blocked by Jordie Benn.
13:45 of 2nd period - Slapshot by Peter Andersson.
13:45 of 2nd period - Stopped by Matt Murray without a rebound.
13:46 of 2nd period - Joe Labate wins face-off versus Brian Flynn in Little Stars zone.
14:32 of 2nd period - Snap shot by Zach Redmond.
14:32 of 2nd period - Deflect By Trevor Lewis.
14:32 of 2nd period - Shot Blocked by Anton Cederholm.
14:32 of 2nd period - Puck is out of play.
14:33 of 2nd period - Trevor Lewis wins face-off versus Alexander Vasyunov in Little Stars zone.
15:12 of 2nd period - Snap shot by Scott Kosmachuck.
15:12 of 2nd period - Shot Blocked by Daultan Leveillé.
15:14 of 2nd period - Slapshot by Scott Kosmachuck.
15:14 of 2nd period - Shot Blocked by Peter Andersson.
15:16 of 2nd period - Wrist shot by Alexander Vasyunov.
15:16 of 2nd period - Stopped by Devan Dubnyk with a rebound.
15:18 of 2nd period - Slapshot by Bo Horvat.
15:18 of 2nd period - Shot Blocked by Adam Clendening.
15:20 of 2nd period - Slapshot by Anton Cederholm.
15:20 of 2nd period - Stopped by Devan Dubnyk without a rebound.
15:21 of 2nd period - Brian Flynn wins face-off versus Trevor Lewis in Thunder zone.
15:22 of 2nd period - Snap shot by Shawn Matthias.
15:22 of 2nd period - Stopped by Devan Dubnyk without a rebound.
15:23 of 2nd period - Trevor Lewis wins face-off versus Brian Flynn in Thunder zone.
15:23 of 2nd period - Trevor Lewis is hit by Cam Atkinson.
15:26 of 2nd period - Minor Penalty to Dany Roussin for Interference.
15:27 of 2nd period - Scott Parse wins face-off versus Brian Flynn in Thunder zone.
15:39 of 2nd period - Snap shot by Shawn Matthias.
15:39 of 2nd period - Stopped by Devan Dubnyk without a rebound.
15:40 of 2nd period - Brian Flynn wins face-off versus Scott Parse in Thunder zone.
15:47 of 2nd period - Snap shot by Shawn Matthias.
15:47 of 2nd period - Stopped by Devan Dubnyk with a rebound.
15:49 of 2nd period - Snap shot by Cam Atkinson.
15:49 of 2nd period - Shot Misses the Net.
15:51 of 2nd period - Slapshot by Jordie Benn.
15:51 of 2nd period - Stopped by Devan Dubnyk without a rebound.
15:52 of 2nd period - Brian Flynn wins face-off versus Scott Parse in Thunder zone.
16:19 of 2nd period - Jordie Benn is hit by Zach Redmond and loses puck.
17:16 of 2nd period - Zach Budish is hit by Trevor Lewis.
17:26 of 2nd period - Penalty to Dany Roussin is over, Dany Roussin is back on ice.
17:32 of 2nd period - Slapshot by Jordie Benn.
17:32 of 2nd period - Goal by Jordie Benn - Little Stars : 2 - Thunder : 1.
17:33 of 2nd period - Daultan Leveillé wins face-off versus Dana Tyrell in neutral zone.
17:46 of 2nd period - Jesse Joensuu is hit by Zach Redmond and loses puck.
18:16 of 2nd period - Snap shot by Austin Wuthrich.
18:16 of 2nd period - Shot Misses the Net.
18:18 of 2nd period - Slapshot by Austin Wuthrich.
18:18 of 2nd period - Shot Misses the Net.
18:20 of 2nd period - Snap shot by Joe Labate.
18:20 of 2nd period - Stopped by Matt Murray with a rebound.
18:22 of 2nd period - Backhand shot by Joe Labate.
18:22 of 2nd period - Shot Misses the Net.
18:24 of 2nd period - Wrist shot by Joe Labate.
18:24 of 2nd period - Shot Misses the Net.
18:26 of 2nd period - Slapshot by Peter Andersson.
18:26 of 2nd period - Stopped by Matt Murray with a rebound.
18:59 of 2nd period - Jesse Joensuu is hit by Jared Staal and loses puck.
19:44 of 2nd period - Wrist shot by Brian Flynn.
19:44 of 2nd period - Stopped by Devan Dubnyk with a rebound.
Goals for this period are 1 for Little Stars vs 1 for Thunder.
Shots for this period are 13 for Little Stars vs 15 for Thunder.
3rd period
0:01 of 3rd period - Brian Flynn wins face-off versus Daultan Leveillé in neutral zone.
0:04 of 3rd period - Slapshot by Jordie Benn.
0:04 of 3rd period - Deflect By Brian Flynn.
0:04 of 3rd period - Stopped by Devan Dubnyk without a rebound.
0:05 of 3rd period - Daultan Leveillé wins face-off versus Brian Flynn in Thunder zone.
0:20 of 3rd period - Wrist shot by Shawn Matthias.
0:20 of 3rd period - Stopped by Devan Dubnyk without a rebound.
0:21 of 3rd period - Dana Tyrell wins face-off versus Trevor Lewis in Thunder zone.
0:26 of 3rd period - Snap shot by Dana Tyrell.
0:26 of 3rd period - Deflect By Jesse Joensuu.
0:26 of 3rd period - Stopped by Devan Dubnyk with a rebound.
0:29 of 3rd period - Icing by Joey Ryan.
0:30 of 3rd period - Trevor Lewis wins face-off versus Jesse Joensuu in Thunder zone.
0:45 of 3rd period - Trevor Lewis is hit by Jordie Benn and loses puck.
1:11 of 3rd period - Wrist shot by Jesse Joensuu.
1:11 of 3rd period - Shot Hit the Post.
1:25 of 3rd period - Snap shot by Zach Redmond.
1:25 of 3rd period - Deflect By Jared Staal.
1:25 of 3rd period - Stopped by Matt Murray without a rebound.
1:26 of 3rd period - Daultan Leveillé wins face-off versus Brian Flynn in Little Stars zone.
1:29 of 3rd period - Snap shot by Scott Parse.
1:29 of 3rd period - Shot Misses the Net.
1:31 of 3rd period - Slapshot by Peter Andersson.
1:31 of 3rd period - Shot Blocked by Reece Willcox.
1:33 of 3rd period - Backhand shot by Peter Andersson.
1:33 of 3rd period - Shot Misses the Net.
1:35 of 3rd period - Wrist shot by Daultan Leveillé.
1:35 of 3rd period - Deflect By Thomas Spelling.
1:35 of 3rd period - Stopped by Matt Murray with a rebound.
1:37 of 3rd period - Snap shot by Peter Andersson.
1:37 of 3rd period - Stopped by Matt Murray without a rebound.
1:38 of 3rd period - Brian Flynn wins face-off versus Daultan Leveillé in Little Stars zone.
1:38 of 3rd period - Brian Flynn is hit by Adam Clendening.
2:04 of 3rd period - David Wolf is hit by Bo Horvat and loses puck.
2:25 of 3rd period - Slapshot by Zach Redmond.
2:25 of 3rd period - Deflect By Scott Parse.
2:25 of 3rd period - Shot Blocked by Ville Pokka.
2:25 of 3rd period - Puck is out of play.
2:26 of 3rd period - Mathieu Perreault wins face-off versus Zach Stepan in Little Stars zone.
2:33 of 3rd period - Snap shot by Mathieu Perreault.
2:33 of 3rd period - Goal by Mathieu Perreault - Little Stars : 3 - Thunder : 1.
2:34 of 3rd period - Daultan Leveillé wins face-off versus Brian Flynn in neutral zone.
3:26 of 3rd period - Jordie Benn is hit by Daultan Leveillé and loses puck.
4:21 of 3rd period - Dany Roussin is hit by Cam Atkinson and loses puck.
4:34 of 3rd period - Wrist shot by David Wolf.
4:34 of 3rd period - Stopped by Matt Murray with a rebound.
4:36 of 3rd period - Slapshot by Joey Ryan.
4:36 of 3rd period - Shot Misses the Net.
4:38 of 3rd period - Slapshot by Zach Redmond.
4:38 of 3rd period - Shot Blocked by Jesse Joensuu.
5:10 of 3rd period - Wrist shot by Zach Stepan.
5:10 of 3rd period - Shot Misses the Net.
5:12 of 3rd period - Slapshot by Duncan Siemens.
5:12 of 3rd period - Stopped by Matt Murray without a rebound.
5:13 of 3rd period - Brian Flynn wins face-off versus Zach Stepan in Little Stars zone.
5:24 of 3rd period - Zach Stepan is hit by Cam Atkinson and loses puck.
5:51 of 3rd period - Slapshot by David Wolf.
5:51 of 3rd period - Shot Blocked by Dana Tyrell.
6:09 of 3rd period - Snap shot by Dany Roussin.
6:09 of 3rd period - Shot Misses the Net.
6:11 of 3rd period - Snap shot by Zach Redmond.
6:11 of 3rd period - Stopped by Matt Murray without a rebound.
6:12 of 3rd period - Joe Labate wins face-off versus Brian Flynn in Little Stars zone.
6:15 of 3rd period - Slapshot by David Wolf.
6:15 of 3rd period - Stopped by Matt Murray without a rebound.
6:16 of 3rd period - Brian Flynn wins face-off versus Joe Labate in Little Stars zone.
6:29 of 3rd period - Wrist shot by David Wolf.
6:29 of 3rd period - Shot Misses the Net.
6:31 of 3rd period - Slapshot by Zach Redmond.
6:31 of 3rd period - Shot Blocked by Anton Cederholm.
6:49 of 3rd period - Slapshot by Jesse Joensuu.
6:49 of 3rd period - Shot Blocked by Zach Redmond.
6:51 of 3rd period - Snap shot by Dana Tyrell.
6:51 of 3rd period - Stopped by Devan Dubnyk without a rebound.
6:52 of 3rd period - Brian Flynn wins face-off versus Trevor Lewis in Thunder zone.
7:19 of 3rd period - Adam Clendening is hit by Jesse Joensuu and loses puck.
7:26 of 3rd period - Snap shot by Daultan Leveillé.
7:26 of 3rd period - Stopped by Matt Murray with a rebound.
7:32 of 3rd period - Minor Penalty to Zach Budish for High sticking.
7:33 of 3rd period - Shawn Matthias wins face-off versus Daultan Leveillé in Little Stars zone.
8:23 of 3rd period - Wrist shot by Dana Tyrell.
8:23 of 3rd period - Shot Misses the Net.
9:32 of 3rd period - Penalty to Zach Budish is over, Zach Budish is back on ice.
9:39 of 3rd period - Slapshot by Adam Clendening.
9:39 of 3rd period - Shot Misses the Net.
10:07 of 3rd period - Snap shot by Jamie McGinn.
10:07 of 3rd period - Shot Misses the Net.
10:23 of 3rd period - Snap shot by Scott Kosmachuck.
10:23 of 3rd period - Shot Misses the Net.
11:08 of 3rd period - Wrist shot by Jesse Joensuu.
11:08 of 3rd period - Shot Misses the Net.
11:35 of 3rd period - Joe Labate is hit by Alexander Vasyunov.
11:39 of 3rd period - Reece Willcox is hit by David Wolf and loses puck.
11:52 of 3rd period - Jesse Joensuu is hit by Duncan Siemens and loses puck.
12:26 of 3rd period - Jared Staal is hit by Bo Horvat and loses puck.
12:43 of 3rd period - Scott Parse is hit by Tyler Wotherspoon and loses puck.
12:52 of 3rd period - Zach Stepan is hit by Zach Budish and loses puck.
13:05 of 3rd period - Joe Labate is hit by Brian Flynn and loses puck.
13:12 of 3rd period - Slapshot by Cam Atkinson.
13:12 of 3rd period - Shot Misses the Net.
13:24 of 3rd period - Thomas Spelling is hit by Anton Cederholm and loses puck.
14:43 of 3rd period - Slapshot by Joey Ryan.
14:43 of 3rd period - Stopped by Matt Murray with a rebound.
14:55 of 3rd period - Mathieu Perreault is hit by Dany Roussin and loses puck.
15:30 of 3rd period - Thomas Spelling is hit by Jesse Joensuu.
15:44 of 3rd period - Joe Labate is hit by Anton Cederholm and loses puck.
16:37 of 3rd period - Thomas Spelling is hit by Cam Atkinson and loses puck.
17:31 of 3rd period - Slapshot by Mikko Vainonen.
17:31 of 3rd period - Stopped by Matt Murray with a rebound.
19:49 of 3rd period - Zach Redmond is hit by Cam Atkinson and loses puck.
Goals for this period are 1 for Little Stars vs 0 for Thunder.
Shots for this period are 5 for Little Stars vs 10 for Thunder.
Back to the Top